 Dungeon Crawl Stone Soup version 0.30.0-29-ga12c61a403 (webtiles) character file.

Game seed: 2470898557167784048

326 BONEBRO the Carver (level 6, -4/44 HPs)
             Began as a Merfolk Gladiator on June 25, 2023.
             Killed from afar by Grinder (6 damage)
             ... with a puff of flame
             ... on level 4 of the Dungeon.
             The game lasted 00:06:28 (2651 turns).

BONEBRO the Carver (Merfolk Gladiator)              Turns: 2651, Time: 00:06:29

Health: -4/44      AC:  4    Str: 14    XL:     6   Next: 49%
Magic:  6/6        EV: 13    Int:  7    God:
Gold:   270        SH:  0    Dex: 18    Spells: 5/5 levels left

rFire   . . .        a - +1 long sword
rCold   . . .        (no shield)
rNeg    . . .        b - +0 leather armour
rPois   .            c - +0 helmet
rElec   .            (no cloak)
rCorr   .            (no gloves)
SInv    .            (no boots)
Will    .....        (no amulet)
Stlth   +            (no ring)
HPRegen 0.27/turn    (no ring)
MPRegen 0.10/turn

%: no passive effects
@: flying
A: (nimble swimmer 2), mertail
a: no special abilities


You were on level 4 of the Dungeon.
You visited 1 branch of the dungeon, and saw 4 of its levels.

You collected 270 gold pieces.

Inventory:

Hand Weapons
 a - a +1 long sword (weapon)
Armour
 b - a +0 leather armour (worn)
 c - a +0 helmet (worn)
 j - a +0 helmet
Wands
 i - a wand of quicksilver (17)
 p - a wand of iceblast (18)
Scrolls
 f - a scroll of enchant armour {unknown}
 h - 5 scrolls of enchant weapon
 l - a scroll of fog {unknown}
 o - a scroll of identify
 r - 2 scrolls of teleportation {unknown}
Potions
 g - a potion of haste {unknown}
 k - a potion of cancellation
 n - a potion of ambrosia {unknown}


   Skills:
 - Level 2.1 Fighting
 + Level 8.5 Long Blades
 - Level 2.0 Throwing
 - Level 4.0 Dodging


You had 5 spell levels left.
You didn't know any spells.
Your spell library contained the following spells:

 Spells                   Type           Power      Damage    Failure   Level
 Magic Dart               Conj           0%         1d3       52%         1
 Call Imp                 Summ           0%         N/A       65%         2
 Lesser Beckoning         Tloc           0%         N/A       65%         2
 Searing Ray              Conj           0%         2d4       65%         2
 Gell's Gravitas          Tloc           0%         N/A       87%         3
 Ignite Poison            Fire/Tmut/Pois 0%         N/A       87%         3
 Mephitic Cloud           Conj/Pois/Air  0%         N/A       87%         3
 Stone Arrow              Conj/Erth      0%         3d7       87%         3
 Summon Guardian Golem    Hex/Summ       0%         N/A       87%         3
 Teleport Other           Tloc           0%         N/A       87%         3
 Animate Armour           Summ/Erth      0%         N/A       99%         4
 Fulminant Prism          Conj/Hex       0%         3d5       99%         4
 Sticky Flame             Conj/Fire      0%         2d3       99%         4
 Orb of Destruction       Conj           0%         9d5       100%        7
 Spellforged Servitor     Conj/Summ      0%         N/A       100%        7
 Ignition                 Fire           0%         3d3       100%        8
 Lehudib's Crystal Spear  Conj/Erth      0%         10d2      100%        8


Dungeon Overview and Level Annotations

Branches:
Dungeon (4/15)
 Temple: D:4-7

Altars:
Ashenzari
Gozag
Wu Jian

Annotations:
D:4 Grinder


Innate Abilities, Weirdness & Mutations

((You are very nimble when in or above water. (Stealth+, EV+, Speed+++)))
Your lower body shifts to a powerful aquatic tail in water.


Message History

You are too injured to fight recklessly!
The adder closely misses you. The adder completely misses you.
Grinder hits you.
You writhe in agony.
* * * LOW HITPOINT WARNING * * *
The air fills with toxic fumes!
As you read the scroll labelled WEAVOWA JIEMUI, it crumbles to dust.
It was a scroll of poison.
The adder closely misses you.
You slash the adder!
You kill the adder!
Grinder blinks!
You hit Grinder. You punch Grinder, but do no damage.
Grinder is lightly wounded.
Grinder blinks!
It was a potion of flight.
You feel very buoyant.
You fly up into the air.
Grinder is nearby!
Grinder blinks!
Grinder gestures at you.
You suddenly lose the ability to move!
Grinder says, "At least Makhleb appreciates what I'm doing."
Grinder zaps a wand.
The puff of flame hits you!
* * * LOW HITPOINT WARNING * * *
You can move again.
You slash Grinder!
Grinder is heavily wounded.
Grinder hits you.
* * * LOW HITPOINT WARNING * * *
You hit Grinder but do no damage.
Grinder is heavily wounded.
Grinder misses you.
You hit Grinder.
Grinder is heavily wounded.
Grinder hits you but does no damage.
You slash Grinder!
Grinder is severely wounded.
You hit Grinder.
Grinder is severely wounded.
Grinder zaps a wand.
The puff of flame hits you.
You die...

.....#
.....#########
#§#
....<........#
#.#
..)..#........
☼○#
..............
..# #......###
#.# #.# .###.###
#.# #°# .# #.#
#.# #§# .#
#.#######.###@#
.#
#......°☼○..5#○#
.#
#########°☼☼☼##○○
.. #☼°...○°# ###
.# #.###○°#..# .#
# #○.##(# #○°# .#
#°§# # #..#


You could see Grinder.

Vanquished Creatures
  2 ogres
  A hound (D:4)
  Robin (D:2)
  5 adders
  An adder zombie (D:2)
  A worm (D:3)
  A dart slug (D:2)
  2 bat skeletons (D:2)
  3 endoplasms
  2 giant cockroaches
  16 goblins
  8 hobgoblins
  6 kobolds
  2 quokkas (D:2)
  6 ball pythons
  4 bats
  3 frilled lizards
  5 rats
69 creatures vanquished.

Notes
Turn   | Place    | Note
-------+----------+-------------------------------------------
     0 | D:1      | BONEBRO the Merfolk Gladiator began the quest for the Orb.
     0 | D:1      | Reached XP level 1. HP: 16/16 MP: 1/1
    48 | D:1      | Reached skill level 4 in Long Blades
   109 | D:1      | Reached XP level 2. HP: 20/22 MP: 2/2
   137 | D:1      | You fall into a shaft and drop 1 floor!
   235 | D:2      | Noticed Robin
   294 | D:2      | Killed Robin
   295 | D:2      | Reached skill level 5 in Long Blades
   295 | D:2      | Reached XP level 3. HP: 27/27 MP: 3/3
  1121 | D:2      | Reached XP level 4. HP: 32/33 MP: 4/4
  1670 | D:3      | Reached skill level 6 in Long Blades
  1784 | D:3      | Noticed an ogre
  1797 | D:3      | Killed an ogre
  1798 | D:3      | Reached skill level 7 in Long Blades
  1798 | D:3      | Reached XP level 5. HP: 38/38 MP: 5/5
  1859 | D:3      | Found an ornate altar of the Wu Jian Council.
  2215 | D:3      | Found an opulent altar of Gozag.
  2540 | D:4      | Found a broken altar of Ashenzari.
  2543 | D:4      | Reached XP level 6. HP: 44/44 MP: 6/6
  2571 | D:4      | Reached skill level 8 in Long Blades
  2615 | D:4      | Noticed Grinder
  2643 | D:4      | Paralysed by Grinder for 4 turns
  2647 | D:4      | HP: 1/44 [Grinder (6)]
  2651 | D:4      | Killed from afar by Grinder

Illustrated notes

Levels and vault maps discovered:
D:1:      tarquinn_simple_flora_water_d, layout_rooms
D:2:      layout_loops_corners, serial_undead, serial_undead_f, serial_undead_c,
          serial_undead_c, serial_undead_a, minmay_gold_behind_fungi, uniq_robin
D:3:      layout_basic, nicolae_wu_jian_glorious_leap, grunt_gozag_statues,
          st_stairs_4, corexii_hall_statues_l
D:4:      layout_loops_ring, mainiacjoe_overflow_boulevard, lemuel_round_altar,
          uniq_eustachio, uniq_grinder, uniq_pikel

Skill      XL: |  1  2  3  4  5  6 |
---------------+-------------------+-----
Long Blades    | 4 5 7 8 |  8.5
Fighting       | |  2.1
Throwing       | |  2.0
Dodging        | |  4.0

Action                     |  1- 3 |  4- 6 || total
---------------------------+-------+-------++-------
  Melee: Long sword        |   117 |   121 ||   238
         Punch             |     1 |     4 ||     5
  Throw: Throwing net      |       |     6 ||     6
         Javelin           |       |     1 ||     1
    Use: Scroll            |       |     3 ||     3
         Potion            |       |     1 ||     1
   Stab: Sleeping          |     1 |       ||     1
         Held in net/web   |       |     2 ||     2
 Armour: Leather armour    |    37 |    32 ||    69
  Dodge: Dodged            |    62 |    85 ||   147
